 Dungeon Crawl Stone Soup version 0.32-a0-131-g9dbbe29261 (webtiles) character file.

Game seed: 5904330250204290847

23 kae the Changeling (level 2, -2/21 HPs)
             Began as a Demonspawn Shapeshifter on Feb 8, 2024.
             Slain by a gnoll
             ... wielding a +0 whip
              (8 damage)
             ... on level 1 of the Dungeon.
             The game lasted 00:00:37 (638 turns).

kae the Changeling (Demonspawn Shapeshifter)         Turns: 638, Time: 00:00:37

Health: -2/21      AC:  2    Str: 14    XL:     2   Next: 72%
Magic:  2/2        EV: 12    Int: 12    God:
Gold:   9          SH:  0    Dex: 12    Spells: 1/1 levels left

rFire   . .          .
                       - Unarmed
rCold   . . .        (no shield)
rNeg    . . .        a - +0 animal skin
rPois   .            (helmet currently unavailable)
rElec   .            (cloak currently unavailable)
rCorr   .            (gloves currently unavailable)
SInv    .            (boots currently unavailable)
Will    .....        (no amulet)
Stlth   +            (no ring)
HPRegen 0.23/turn    (no ring)
MPRegen 0.08/turn

%: no passive effects
@: beast-form
A: beast (slay +1), big brain 1
a: Begin Untransformation


You were on level 1 of the Dungeon.
You were a hulking beast.
You visited 1 branch of the dungeon, and saw 1 of its levels.

You collected 9 gold pieces.


Innate Abilities, Weirdness & Mutations

You are a hulking beast.
Your limbs bulge with bestial killing power. (Slay +1)
You have an unusually large brain. (Int +2)


   Skills:
 + Level 1.5 Fighting
 - Level 1.7 Dodging
 + Level 2.9 Unarmed Combat
 * Level 3.1 Shapeshifting


You had one spell level left.
You didn't know any spells.
Your spell library was empty.

Inventory:

Missiles
 f - 13 stones (quivered)
Armour
 a - a +0 animal skin (worn)
Jewellery
 F - a ring of fire
   (You found it on level 1 of the Dungeon)
Talismans
 c - a beast talisman
 d - a flux talisman
Scrolls
 g - 2 scrolls of vulnerability {unknown}
 i - a scroll of fog {unknown}
Potions
 b - 2 potions of lignification {!q}
 e - 2 potions of heal wounds {unknown}
 h - a potion of magic {unknown}

Dungeon Overview and Level Annotations

Branches:
Dungeon (1/15) Zot: 5363

Altars:

########## #........#
#........# #..?.....#
#........# #........#
#....g...# #...h....#
#####.......)#
#............# ######
###.#.#.#......#
#....#
#######.).......####.#
#....#
.....##...#.#.#.# .#
#....#
................# .
#....#
.....##...#.#.#.# #
#....#
.....####....[..#
#....#


You could see a gnoll.


Message History

A dart slug is nearby!
No reachable target in view!
No reachable target in view!
A dart slug is nearby!
Unknown command.
No reachable target in view!
No reachable target in view!
A dart slug is nearby!
No reachable target in view!
No reachable target in view!
The dart slug enters a dispersal trap!
You blink.
Unknown command.
The dart slug enters a dispersal trap!
You blink.
Unknown command.
The dart slug bites you but does no damage.
You hit the dart slug. You punch the dart slug.
The dart slug launches a dart at you. The slug dart hits you. 😕 HP[-5]
You take 5 damage, and now have 16/21 hp.
MASSIVE DAMAGE!! (PAUSE)
You hit the dart slug.
You kill the dart slug! 😕 HP[+1]
You see here a dart slug corpse.
Unknown command.
There is an open door here.
Found a stone staircase leading down. 😎 HP[+4]
Your hp is fully restored (21).
Unknown command.
e - 2 silvery potions (gained 1)
A ball python comes into view.
A ball python is nearby!
A ball python is nearby!
A ball python is nearby!
A bat comes into view.
There are monsters nearby!
The ball python hisses angrily.
There are monsters nearby!
You hit the ball python.
You kill the ball python!
The bat hits you but does no damage.
You completely miss the bat. The bat misses you. The bat barely misses you.
A bat is nearby!
You barely miss the bat. Your punch misses the bat. The bat misses you.
You hit the bat.
You kill the bat!
Things that are here:
a bat corpse; a ball python corpse
Things that are here:
a bat corpse; a ball python corpse A ball python comes into view.
The ball python hisses angrily.
A hobgoblin comes into view.
The ball python closely misses you. x2
There are monsters nearby!
The hobgoblin shouts!
You hit the ball python.
You kill the ball python!
The hobgoblin hits you.
A hobgoblin is nearby!
A hobgoblin is nearby!
You hit the hobgoblin.
You kill the hobgoblin!
No target in view! 😕 HP[-3]
You take 3 damage, and now have 18/21 hp.
There is a stone staircase leading down here.
You see here a hobgoblin corpse.
You see here a +0 hand axe.
A gnoll comes into view. It is wielding a +0 whip.
The gnoll shouts! 😎 HP[+3]
Your hp is fully restored (21).
A gnoll is nearby!
The gnoll hits you with a +0 whip.
You hit the gnoll but do no damage. The gnoll closely misses you. 😕 HP[-4]
You take 4 damage, and now have 17/21 hp.
A gnoll is nearby!
You punch the gnoll! The gnoll hits you with a +0 whip!
* * * LOW HITPOINT WARNING * * *
You are too injured to fight recklessly!
A gnoll is nearby!
You are too injured to fight recklessly!
You are too injured to fight recklessly! 😨 HP[-7]
You take 7 damage, and now have 10/21 hp.
MASSIVE DAMAGE!! (PAUSE)
You hit the gnoll. The gnoll misses you.
You hit the gnoll but do no damage. The gnoll hits you with a +0 whip.
* * * LOW HITPOINT WARNING * * *
😨 HP[-4]
You take 4 damage, and now have 6/21 hp.
Unknown command.
You barely miss the gnoll. The gnoll hits you with a +0 whip!
You die...

Skill      XL: |  1  2 |
---------------+-------+-----
Shapeshifting  | 3 |  3.1
Fighting       | |  1.5
Dodging        | |  1.7
Unarmed Combat | |  2.9

Action                     || total
---------------------------++-------
  Melee: Unarmed           ||    56
         Punch             ||     1
 Armour: Animal skin       ||    23
  Dodge: Dodged            ||    33

Levels and vault maps discovered:
D:1:      dpeg_arrival_long_road, layout_rooms, chequers_mini_garden,
          glass_columns_b

Notes
Turn   | Place    | Note
-------+----------+-------------------------------------------
     0 | D:1      | kae the Demonspawn Shapeshifter began the quest for the
                  | Orb.
     0 | D:1      | Reached XP level 1. HP: 15/15 MP: 1/1
     0 | D:1      | magus.rc [v1.11.3]
   101 | D:1      | Gained mutation: You have an unusually large brain. (Int
                  | +2) [demonic ancestry]
   101 | D:1      | Reached XP level 2. HP: 14/21 MP: 2/2
   167 | D:1      | Reached skill level 3 in Shapeshifting
   638 | D:1      | Slain by a gnoll

Vanquished Creatures
  A dart slug (D:1)
  A bat (D:1)
  3 endoplasms (D:1)
  2 goblins (D:1)
  2 hobgoblins (D:1)
  5 ball pythons (D:1)
  3 kobolds (D:1)
  2 rats (D:1)
19 creatures vanquished.

Table legend:
 A = Non-vault XP
 B = Vault XP
 C = Vault XP percentage of total XP
 D = Non-vault monster count
 E = Vault monster count
 F = Vault count percentage of total count
                 A         B        C        D         E       F
            +---------+---------+-------+---------+---------+-------
      Total |      33 |       0 |   0.0 |      19 |       0 |   0.0
            +---------+---------+-------+---------+---------+-------
        D:1 |      33 |       0 |   0.0 |      19 |       0 |   0.0
            +---------+---------+-------+---------+---------+-------

Skill      XL: |  1  2 |
---------------+-------+-----
Shapeshifting  | 3 |  3.1
Fighting       | |  1.5
Dodging        | |  1.7
Unarmed Combat | |  2.9

Action                     || total
---------------------------++-------
  Melee: Unarmed           ||    56
         Punch             ||     1
 Armour: Animal skin       ||    23
  Dodge: Dodged            ||    33

Illustrated notes

Table legend:
 A = Kills in this place as a percentage of kills in the entire game.
 B = Kills by you in this place as a percentage of kills by you in the entire game.
 C = Kills by friends in this place as a percentage of kills by friends in the entire game.
 D = Other kills in this place as a percentage of other kills in the entire game.
 E = Experience gained in this place as a percentage of experience gained in the entire game.
 F = Experience gained in this place divided by the number of levels of this place that you have seen.
                   A       B       C       D       E      F
               +-------+-------+-------+-------+-------+----------------------
         Total | 100.0 | 100.0 |   N/A |   N/A | 100.0 |  33.0
       Dungeon | 100.0 | 100.0 |   N/A |   N/A | 100.0 |  33.0
               +-------+-------+-------+-------+-------+----------------------

Table legend: (Time is in decaauts)
 A = Elapsed time spent in this place.
 B = Non-inter-level travel time spent in this place.
 C = Inter-level travel time spent in this place.
 D = Time resting spent in this place.
 E = Time spent auto-exploring this place.
 F = Levels seen in this place.
 G = Mean time per level.
                   A        B        C        D        E       F      G
               +--------+--------+--------+--------+--------+-----+--------+
         Total |    635 |    635 |      0 |      0 |    493 |   1 |  635.0 |
       Dungeon |    635 |    635 |      0 |      0 |    493 |   1 |  635.0 |
               +--------+--------+--------+--------+--------+-----+--------+

Top non-repeatable levels by time:
     D:1: 635 daAuts
